 Dungeon Crawl Stone Soup version 0.16.1-28-gcc2312f (webtiles) character file.

695 sqallbeste the Ducker (level 7, -12/60 HPs)
             Began as a Green Draconian Berserker on May 24, 2015.
             Was a Believer of Trog.
             Mangled by an iguana (15 damage)
             ... on level 7 of the Dungeon.
             The game lasted 00:26:10 (3090 turns).

sqallbeste the Ducker (Green Draconian Berserker)   Turns: 3090, Time: 00:26:10

Health: -12/60     AC:  8    Str: 21    XL:     7   Next: 37%
Magic:  7/7        EV: 14    Int: 12    God:    Trog [**....]
Gold:   281        SH:  0    Dex: 11    Spells: 0 memorised, 6 levels left

rFire  . . .     SeeInvis .     e - +0 hand axe
rCold  . . .     Clarity  .     (armour unavailable)
rNeg   . . .     SustAb   .     (no shield)
rPois  +         Gourm    .     (helmet restricted)
rElec  .         Spirit   .     c - +1 cloak
rCorr  .         Warding  .     (no gloves)
rMut   .         Stasis   .     (no boots)
MR     .....                    b - amulet of rage
Stlth  +.........               j - +5 ring of intelligence
                                i - ring of flight

@: flying, not resistant to hostile enchantments, very unstealthy
A: breathe noxious fumes, unfitting armour, poison resistance, cold-blooded, AC
+6
a: Breathe Noxious Fumes, Burn Spellbooks, Berserk, Trog's Hand, Renounce
Religion, Evoke Berserk Rage, Stop Flying


You were on level 7 of the Dungeon.
You worshipped Trog.
Trog was pleased with you.
You were not hungry.

You visited 1 branch of the dungeon, and saw 7 of its levels.

You collected 281 gold pieces.

Inventory:

Hand weapons
 a - a +0 spear
 d - a +0 scythe
 e - a +0 hand axe (weapon)
 p - a +1 falchion of draining
Armour
 c - a +1 cloak (worn)
 k - a +0 robe
Rods
 h - a +1 rod of inaccuracy (14/14)
   (You found it on level 4 of the Dungeon)
Jewellery
 b - an amulet of rage (around neck)
 i - a ring of flight (left hand)
 j - a +5 ring of intelligence (right hand)
Scrolls
 g - 2 scrolls of noise
 m - 3 scrolls of remove curse
 o - a scroll of magic mapping


   Skills:
 + Level 4.9 Fighting
 * Level 3.0(3.8) Axes
 - Level 3.7(4.2) Polearms
 + Level 6.1 Dodging
 + Level 1.1 Stealth


You had 6 spell levels left.
You didn't know any spells.

Dungeon Overview and Level Annotations

Branches:
Dungeon (7/15)             Temple (0/1) D:4

Altars:
Fedhas
Nemelex Xobeh
Qazlal
Vehumet
Xom

Annotations:
D:2 1 runed door
D:7 Dowan


Innate Abilities, Weirdness & Mutations

You can breathe blasts of noxious fumes.
Your lurid green scales are hard (AC +6).
Your body does not fit into most forms of armour.
Your system is resistant to poisons.
Your cold-blooded metabolism reacts poorly to cold.


Message History

The giant frog hits you but does no damage.
The centaur wields a shortbow.
The centaur shoots an arrow.
The arrow hits you but does no damage.
The rat twitches its whiskers.
There is a stone staircase leading down here.
You see here an arrow.
The giant frog hits you but does no damage.
The iguana hisses menacingly.
The iguana bites you but does no damage.
The giant frog hits you but does no damage.
The centaur shoots an arrow.
The arrow hits you.
* * * LOW HITPOINT WARNING * * *
You fly downwards.
Dowan, Brother of Duvessa comes into view.
He is wielding a dagger.
Dowan shouts!
Found a scroll of identify.
There is a stone staircase leading up here.
The giant frog misses you. The giant frog closely misses you.
The iguana bites you!
You die...

######
......#
..e....l##
#F@# ##F#
##. #? ##


You could see Dowan, 2 giant frogs and an iguana.

Vanquished Creatures
  2 ogres
  Sigmund (D:5)
  A giant frog (D:6)
  A goliath beetle (D:6)
  2 jellies (D:2)
  An orc wizard (D:4)
  5 worker ants
  4 adders
  A giant mite (D:2)
  3 worms (D:2)
  2 giant geckos
  8 orcs
  A ball python (D:3)
  7 bats
  3 giant cockroaches
  9 hobgoblins
  6 jackals
  3 quokkas
  A sheep (D:2)
  A giant cockroach zombie (D:5)
  6 giant newts
  6 goblins
  A jackal skeleton (D:6)
  4 kobolds
  A quokka skeleton (D:4)
  3 rats
83 creatures vanquished.

Notes
Turn   | Place    | Note
--------------------------------------------------------------
     0 | D:1      | sqallbeste, the Draconian Berserker, began the quest for the Orb.
     0 | D:1      | Reached XP level 1. HP: 19/19 MP: 1/1
   239 | D:2      | Found a runed door.
   254 | D:2      | Found a runed door.
   257 | D:2      | Found a runed door.
   264 | D:2      | Found a runed door.
   264 | D:2      | Noticed a jelly
   269 | D:2      | Killed a jelly
   269 | D:2      | Reached XP level 2. HP: 26/26 MP: 2/2
   269 | D:2      | Reached XP level 3. HP: 31/31 MP: 3/3
   290 | D:2      | Found a shimmering altar of Xom.
   291 | D:2      | Found a runed door.
   291 | D:2      | Found a runed door.
   305 | D:2      | Noticed a jelly
   311 | D:2      | Killed a jelly
   311 | D:2      | Reached skill level 4 in Fighting
   355 | D:2      | Reached XP level 4. HP: 25/40 MP: 4/4
  1073 | D:3      | Reached skill level 1 in Axes
  1114 | D:3      | Found a sparkling altar of Nemelex Xobeh.
  1318 | D:3      | Reached XP level 5. HP: 37/47 MP: 5/5
  1615 | D:4      | Found a staircase to the Ecumenical Temple.
  1922 | D:4      | Found a blossoming altar of Fedhas.
  2182 | D:4      | Acquired Trog's second power
  2201 | D:4      | Reached XP level 6. HP: 12/53 MP: 6/6
  2421 | D:5      | Entered Level 5 of the Dungeon
  2421 | D:5      | Noticed Sigmund
  2435 | D:4      | Reached skill level 1 in Stealth
  2440 | D:5      | Reached skill level 5 in Dodging
  2522 | D:5      | Killed Sigmund
  2579 | D:5      | Found a stormy altar of Qazlal.
  2635 | D:5      | Found a radiant altar of Vehumet.
  2793 | D:5      | Your scales start taking on a lurid green colour.
  2793 | D:5      | Gained mutation: Your system is resistant to poisons. [draconian maturity]
  2793 | D:5      | Reached XP level 7. HP: 47/60 MP: 7/7
  2999 | D:6      | Reached skill level 6 in Dodging
  3088 | D:6      | HP: 3/60 [centaur/arrow (6)]
  3089 | D:7      | Noticed Dowan
  3090 | D:7      | Mangled by an iguana

Action                   |  1- 3 |  4- 6 |  7- 9 || total
-------------------------+-------+-------+-------++-------
Melee: Spear             |    42 |    25 |       ||    67
       Hand axe          |       |   225 |    56 ||   281
Invok: Berserk           |       |     5 |       ||     5
 Abil: Evoke Berserk Rag |       |     1 |     1 ||     2
       Evoke Flight      |       |       |     1 ||     1
  Use: Potion            |     3 |     4 |     1 ||     8
       Scroll            |       |    10 |     2 ||    12
 Stab: Sleeping          |     1 |       |       ||     1
       Distracted        |     1 |       |       ||     1
  Eat: Bread ration      |       |     2 |     1 ||     3
       Royal jelly       |       |     1 |       ||     1
       Beef jerky        |       |     1 |       ||     1
